 Dungeon Crawl Stone Soup version 0.21-a0-270-g8204059 (webtiles) character file.

3808 RKaid the Gouger (level 9, -8/46 HPs)
             Began as a Felid Skald on Sept 13, 2017.
             Was a Believer of Makhleb.
             Impaled on a porcupine's spines (16 damage)
             ... on level 3 of the Lair of Beasts on Sept 14, 2017.
             The game lasted 01:08:50 (17926 turns).

RKaid the Gouger (Felid Skald)                     Turns: 17926, Time: 01:08:50

Health: -8/46      AC:  2    Str:  8    XL:     9   Next: 96%
Magic:  0/13       EV: 26    Int: 16    God:    Makhleb [**....]
Gold:   690        SH:  0    Dex: 17    Spells: 2/12 levels left
                                        Lives:  0   Deaths: 3

rFire    . . .     SeeInvis +     - Unarmed
rCold    . . .     Gourm    .   (shield unavailable)
rNeg     . . .     Faith    .   (armour unavailable)
rPois    +         Spirit   .   (helmet unavailable)
rElec    .         Reflect  .   (cloak unavailable)
rCorr    .         Harm     .   (gloves unavailable)
MR       +....                  (boots unavailable)
Stlth    ++........             (no amulet)
HPRegen  0.15/turn              c - ring of poison resistance {rPois}
MPRegen  0.13/turn              r - +5 ring of slaying

@: infused, quick
A: no armour, no weapons or thrown items, stealth, claws 1, fangs 3, see
invisible, carnivore 3, speed 1, shaggy fur 2, slow metabolism 1, sharp paws
a: Minor Destruction, Renounce Religion


You were on level 3 of the Lair of Beasts.
You worshipped Makhleb.
Makhleb was pleased with you.
You were not hungry.

You visited 3 branches of the dungeon, and saw 13 of its levels.

You collected 690 gold pieces.

Inventory:

Jewellery
 c - a ring of poison resistance (left paw) {rPois}
   (You found it on level 1 of the Lair of Beasts)
 e - a +2 ring of evasion
   (You found it on level 1 of the Dungeon)
 r - a +5 ring of slaying (right paw)
   (You found it on level 2 of the Lair of Beasts)
 s - an uncursed ring of resist corrosion
   (You found it on level 3 of the Dungeon)
 w - an uncursed ring of fire {rF+, rC-}
   (You found it on level 4 of the Dungeon)
 B - an uncursed ring of positive energy {rN+}
   (You found it on level 6 of the Dungeon)
Wands
 y - a wand of random effects (17/48)
   (You found it on level 6 of the Dungeon)
 E - a wand of polymorph (0/24)
   (You took it off Psyche on level 8 of the Dungeon)
Scrolls
 i - 7 scrolls of identify
 j - 6 scrolls of teleportation
 n - a scroll of amnesia
 o - 3 scrolls of remove curse
Potions
 f - 2 potions of haste
 g - 2 potions of agility
 h - a potion of cancellation
 k - a potion of heal wounds
 l - a potion of resistance
 p - 2 potions of flight
 q - 4 potions of might
 z - 2 potions of brilliance
 A - 2 potions of curing
 C - 2 potions of ambrosia
 F - 2 potions of lignification {!q}
Books
 a - a book of Battle
 v - a book of Maledictions
   (You found it on level 8 of the Dungeon)
 x - a book of Death
   (You found it on level 5 of the Dungeon)
Miscellaneous
 m - a crystal ball of energy
   (You found it on level 2 of the Lair of Beasts)
Comestibles
 b - 8 meat rations
 d - 8 royal jellies
 t - 7 chunks of flesh


   Skills:
 * Level 10.1 Fighting
 - Level 10.0 Dodging
 + Level 11.3 Unarmed Combat
 - Level 2.0 Spellcasting
 - Level 3.1 Hexes
 - Level 6.0 Charms
 - Level 3.2 Necromancy
 - Level 3.2 Translocations
 - Level 4.0 Invocations


You had 2 spell levels left.
You knew the following spells:

 Your Spells              Type           Power        Failure   Level  Hunger
a - Infusion              Chrm           ###.         1%          1    #......
b - Song of Slaying       Chrm           ###.....     2%          2    ###....
c - Shroud of Golubria    Chrm/Tloc      ###.......   4%          2    ###....
d - Ensorcelled Hibernat  Hex/Ice        #.....       17%         2    ###....
C - Regeneration          Chrm/Necr      ###.......   10%         3    ###....


Dungeon Overview and Level Annotations

Branches:
Dungeon (9/15)             Temple (1/1) D:4            Lair (3/6) D:8
    Orc (0/2) D:9
  Swamp: Lair:2-4    Shoals: Lair:2-4     Snake: Lair:2-4    Spider: Lair:2-4

Altars:
Ashenzari
Cheibriados
Dithmenos
Elyvilon
Fedhas
Gozag
Hepliaklqana
Kikubaaqudgha
Makhleb
Nemelex Xobeh
Okawaru
Qazlal
Ru
Sif Muna
Trog
Uskayaw
Vehumet
Wu Jian
Xom
Yredelemnul
Zin
The Shining One

Shops:
D:8 [

Portals:
Labyrinth: Lair:3

Annotations:
D:4 GRINDER!, Grinder
D:9 Erica, Pikel
Lair:1 exclusions: basilisk, electric eel and 5 more exclusions, Fannar


Innate Abilities, Weirdness & Mutations

You cannot wear armour.
You are incapable of wielding weapons or throwing items.
Your paws allow you to move quietly. (Stealth)
You have sharp claws.
You have razor-sharp teeth.
You have supernaturally acute eyesight. (SInv)
You are carnivorous and can eat meat at any time.
You cover ground quickly.
You are covered in thick fur. (AC +2)
You have a slow metabolism.
Your sharp claws are effective at attacking unaware monsters.


Message History

Casting: Shroud of Golubria
Confirm with . or Enter, or press ? or * to list all spells.
You begin infusing your attacks with magical energy.
Your skin is crawling a little less now.
The porcupine completely misses you.
You are struck by the porcupine's spines.
You mangle the porcupine!!
You kill the porcupine!
Makhleb accepts your kill.
You feel better.
You barely miss the hippogriff. Your bite misses the hippogriff.
The hippogriff completely misses you. The hippogriff misses you.
The hippogriff completely misses you.
You claw the hippogriff! You bite the hippogriff. The hippogriff bites you!
The hippogriff completely misses you. The hippogriff closely misses you.
You claw the hippogriff!! You claw the hippogriff! The hippogriff misses you.
The hippogriff completely misses you. x2
You barely miss the hippogriff. The hippogriff misses you.
The hippogriff closely misses you. The hippogriff misses you.
You claw the hippogriff!
You kill the hippogriff!
Makhleb accepts your kill.
You feel better.
Your Fighting skill increases to level 10!
Your skin stops crawling.
You see here a porcupine corpse.
You butcher the porcupine corpse.
t - a chunk of flesh
Casting: Infusion
Confirm with . or Enter, or press ? or * to list all spells.
You extend your infusion's duration.
Press: ? - help, Shift-Dir - straight line, f - wyvern
Aim: a wyvern The wyvern resists with some effort.
You claw the wyvern! The wyvern misses you.
You scratch the wyvern. Your claw misses the wyvern. You bite the wyvern.
The wyvern misses you.
You barely miss the wyvern. The wyvern bites you!
You barely miss the wyvern. The wyvern closely misses you.
You barely miss the wyvern. Your bite misses the wyvern. The wyvern bites you!
The wyvern barely misses you.
You barely miss the wyvern. The wyvern completely misses you.
You claw the wyvern!
You kill the wyvern!
Makhleb accepts your kill.
You see here a wyvern corpse.
You butcher the wyvern corpse.
t - 4 chunks of flesh (gained 3)
You see here a wyvern skeleton.
You hear the brisk ticking of a clock nearby.
You now have 690 gold pieces (gained 24).
A water moccasin comes into view.
The water moccasin hisses angrily.
A bullfrog comes into view.
The bullfrog croaks.
You claw the water moccasin!
The water moccasin completely misses you.
You claw the water moccasin! You bite the water moccasin.
The water moccasin completely misses you.
The water moccasin misses you.
You completely miss the water moccasin.
The water moccasin completely misses you.
Your magical contamination has completely faded away.
You scratch the water moccasin.
You kill the water moccasin!
Makhleb accepts your kill.
You feel better.
You scratch the bullfrog. The bullfrog hits you.
You claw the bullfrog! Your bite misses the bullfrog. The bullfrog hits you.
The bullfrog barely misses you.
You scratch the bullfrog. The bullfrog barely misses you.
You mangle the bullfrog!!
You kill the bullfrog!
Makhleb accepts your kill.
You feel better.
Things that are here:
a bullfrog corpse; a water moccasin corpse You butcher the bullfrog corpse.
t - 7 chunks of flesh (gained 3)
You see here a water moccasin corpse.
Your magical infusion is running out.
You butcher the water moccasin corpse.
Things that are here:
an inedible chunk of flesh; a water moccasin skeleton There isn't anything to butcher here.
A porcupine comes into view.
Found a labyrinth entrance.
You are no longer magically infusing your attacks.
The porcupine closely misses you.
Unknown command.
Casting: Infusion
Confirm with . or Enter, or press ? or * to list all spells.
You begin infusing your attacks with magical energy.
The porcupine bites you!
You scratch the porcupine. The porcupine bites you.
You are struck by the porcupine's spines.
* * * LOW HITPOINT WARNING * * *
You closely miss the porcupine. The porcupine completely misses you.
You are struck by the porcupine's spines.
You die...

#......................#..#..##.
#.#............##...........#...
####...........##...##.####.....
###......#..###%..### ##....
###.#..#####..P## #..... ######
#...# #..... .##. ###.P##
#...... ...?.###...## #.......
........@...# #.P.#...
.......r#.### #..####.
..........# ... # ..........P#
..........## .......∩.##
.......... ..........
......###..


You could see a porcupine.

Vanquished Creatures
  A death yak (Lair:1)
  A black mamba (Lair:2)
  Maurice (D:8)
  Psyche (D:8)
  4 spiny frogs
  A komodo dragon (Lair:2)
  A rime drake (Lair:2)
  Prince Ribbit (D:8)
  6 hippogriffs
  3 wyverns
  10 yaks (Lair:1)
  A hungry ghost (D:8)
  A steam dragon (D:8)
  5 porcupines
  An orc warrior (D:6)
  2 water moccasins
  An ice beast (D:6)
  A necrophage (D:8)
  A slave (D:9)
  8 ogres
  4 centaurs
  7 crocodiles
  4 bullfrogs
  A gnoll sergeant (D:9)
  A wyvern skeleton (D:7)
  2 scorpions
  A water moccasin skeleton (D:5)
  5 killer bees (D:8)
  5 wights
  4 howler monkeys
  6 crimson imps
  A bullfrog zombie (D:6)
  2 jellies
  2 hounds
  Crazy Yiuf (D:2)
  3 centaur skeletons
  2 orc priests (D:6)
  3 orc wizards
  A bullfrog skeleton (D:6)
  A gnoll shaman (D:6)
  2 iguanas
  4 worker ants
  A mummy (D:8)
  A hound zombie (D:7)
  A hound skeleton (D:4)
  9 gnolls
  7 adders
  2 shadow imps
  An ooze (D:1)
  2 adder skeletons (D:9)
  2 worms
  A leopard gecko (D:5)
  22 orcs
  8 bats
  4 giant cockroaches
  8 goblins
  5 hobgoblins
  2 jackals (D:7)
  4 kobolds
  3 quokkas
  A ball python (D:6)
  A ball python skeleton (D:4)
  8 frilled lizards
  A giant cockroach zombie (D:6)
  A jackal skeleton (D:7)
  A leopard gecko skeleton (D:6)
  A leopard gecko zombie (D:8)
  11 rats
221 creatures vanquished.

Vanquished Creatures (others)
  A fungus (Lair:2)
  3 plants (Lair:2)
4 creatures vanquished.

Grand Total: 225 creatures vanquished

Notes
Turn   | Place    | Note
-------+----------+-------------------------------------------
     0 | D:1      | RKaid the Felid Skald began the quest for the Orb.
     0 | D:1      | Reached XP level 1. HP: 9/9 MP: 4/4
    97 | D:1      | Reached XP level 2. HP: 13/13 MP: 1/6
   458 | D:1      | Reached skill level 4 in Charms
   702 | D:1      | Learned a level 2 spell: Song of Slaying
   705 | D:1      | Learned a level 2 spell: Shroud of Golubria
  1153 | D:2      | Reached XP level 3. HP: 16/16 MP: 7/7
  1192 | D:2      | Reached skill level 3 in Unarmed Combat
  1208 | D:2      | HP: 4/16 [poisoned by an adder]
  2067 | D:2      | Found a runed door.
  2331 | D:2      | Noticed Crazy Yiuf
  2387 | D:2      | Killed Crazy Yiuf
  2387 | D:2      | Reached XP level 4. HP: 20/20 MP: 1/8
  2552 | D:3      | Reached skill level 3 in Fighting
  2830 | D:3      | HP: 5/21 [poisoned by an adder]
  2838 | D:3      | HP: 4/21 [poisoned by an adder]
  3323 | D:3      | Reached XP level 5. HP: 24/24 MP: 7/9
  3484 | D:3      | Reached skill level 4 in Unarmed Combat
  3673 | D:3      | HP: 6/24 [orc wizard/dagger (1)]
  3674 | D:3      | Killed from afar by an orc wizard
  3675 | D:3      | Reached XP level 4. HP: -2/21 MP: 6/8
  3732 | D:4      | Noticed an ogre
  3753 | D:4      | Killed an ogre
  3753 | D:4      | Reached skill level 5 in Charms
  3753 | D:4      | Reached XP level 5. HP: 24/24 MP: 0/9
  4118 | D:4      | Noticed a black bear
  4384 | D:4      | HP: 6/24 [poisoned by a worker ant]
  4389 | D:4      | HP: 6/24 [poisoned by a worker ant]
  4394 | D:4      | HP: 3/24 [poisoned by a worker ant]
  4400 | D:4      | HP: 2/24 [hound (5)]
  4551 | D:4      | Reached skill level 5 in Unarmed Combat
  4708 | D:4      | Noticed a sky beast
  4708 | D:4      | a black bear changed into a sky beast
  4709 | D:4      | a sky beast changed into a bullfrog
  4715 | D:4      | Gained mutation: You are covered in thick fur. (AC +2) [Felid growth]
  4715 | D:4      | Reached XP level 6. HP: 22/28 MP: 3/10
  4874 | D:4      | Noticed Grinder
  5112 | D:4      | Found a staircase to the Ecumenical Temple.
  5121 | Temple   | Entered the Ecumenical Temple
  5181 | Temple   | Became a worshipper of Makhleb the Destroyer
  5353 | D:5      | Entered Level 5 of the Dungeon
  5379 | D:5      | Reached skill level 4 in Dodging
  5694 | D:5      | Reached skill level 4 in Fighting
  5740 | D:5      | Learned a level 3 spell: Regeneration
  5905 | D:5      | Reached XP level 7. HP: 32/32 MP: 4/11
  5908 | D:5      | Reached skill level 6 in Unarmed Combat
  6084 | D:5      | Reached skill level 5 in Dodging
  6264 | D:5      | HP: 7/33 [ogre/giant club (26)]
  6714 | D:5      | Reached skill level 7 in Unarmed Combat
  6911 | D:6      | Reached skill level 5 in Fighting
  6911 | D:6      | Reached XP level 8. HP: 30/37 MP: 12/12
  7472 | D:6      | Reached skill level 6 in Dodging
  7842 | D:6      | Reached * piety under Makhleb
  8449 | D:6      | Reached skill level 8 in Unarmed Combat
  8494 | D:6      | Reached skill level 1 in Invocations
  8649 | D:6      | Reached skill level 7 in Dodging
  9002 | D:7      | Noticed a hippogriff
  9375 | D:7      | Reached skill level 6 in Fighting
  9375 | D:7      | Reached skill level 2 in Invocations
  9375 | D:7      | Reached XP level 9. HP: 41/41 MP: 5/13
  9878 | D:6      | Upgraded the game from 0.21-a0-267-ga5fc350 to 0.21-a0-270-g8204059
  9916 | D:7      | Reached skill level 9 in Unarmed Combat
 10040 | D:7      | Found a blossoming altar of Fedhas.
 10428 | D:8      | Noticed Maurice
 10465 | D:8      | Noticed Psyche
 10485 | D:8      | Killed Psyche
 10485 | D:8      | Reached skill level 8 in Dodging
 10485 | D:8      | Reached skill level 3 in Invocations
 10675 | D:8      | Found Uguuca's Antique Armour Emporium.
 10726 | D:8      | Noticed Prince Ribbit
 10975 | D:8      | Killed Prince Ribbit
 11282 | D:8      | HP: 7/42 [wyvern (10)]
 11300 | D:8      | HP: 4/42 [Maurice/stone (5)]
 11910 | D:8      | Killed Maurice
 11910 | D:8      | Reached skill level 7 in Fighting
 11910 | D:8      | Reached skill level 10 in Unarmed Combat
 11910 | D:8      | Reached skill level 4 in Invocations
 11964 | D:8      | Found a staircase to the Lair.
 12005 | D:8      | Reached XP level 10. HP: 44/47 MP: 7/14
 12248 | D:8      | Reached skill level 9 in Dodging
 12777 | D:8      | Reached ** piety under Makhleb
 12782 | D:8      | Learned a level 2 spell: Ensorcelled Hibernation
 12862 | D:9      | Found a staircase to the Orcish Mines.
 13226 | D:9      | Reached skill level 1 in Necromancy
 13227 | D:9      | Noticed Erica
 13945 | D:9      | Noticed Pikel
 14029 | Lair:1   | Entered Level 1 of the Lair of Beasts
 14660 | Lair:1   | Reached skill level 6 in Charms
 14660 | Lair:1   | Reached skill level 2 in Necromancy
 14775 | Lair:1   | Reached skill level 8 in Fighting
 14793 | Lair:1   | Reached skill level 10 in Dodging
 14921 | Lair:1   | Reached skill level 1 in Hexes
 14921 | Lair:1   | Reached skill level 1 in Translocations
 15099 | Lair:1   | Noticed a four-headed hydra
 15120 | Lair:1   | Noticed a death yak
 15120 | Lair:1   | a four-headed hydra changed into a death yak
 15156 | Lair:1   | Killed a death yak
 15156 | Lair:1   | Reached skill level 2 in Hexes
 15156 | Lair:1   | Reached skill level 2 in Translocations
 15256 | Lair:1   | Reached skill level 3 in Necromancy
 15407 | Lair:1   | Reached XP level 11. HP: 45/52 MP: 8/15
 15504 | Lair:1   | Noticed Fannar
 15876 | Lair:2   | Reached skill level 3 in Hexes
 15876 | Lair:2   | Reached skill level 3 in Translocations
 15999 | Lair:2   | Slain by a komodo dragon
 16000 | Lair:2   | Reached XP level 10. HP: -4/49 MP: 12/14
 16137 | Lair:2   | Reached skill level 9 in Fighting
 16191 | Lair:2   | Reached skill level 11 in Unarmed Combat
 16302 | Lair:2   | Noticed a black mamba
 16433 | Lair:2   | Killed a black mamba
 17178 | Lair:2   | Killed a spiny frog
 17225 | Lair:2   | HP: 8/49 [spiny frog (16)]
 17227 | Lair:2   | Killed a spiny frog
 17697 | Lair:3   | Noticed a spiny frog
 17717 | Lair:3   | Killed a spiny frog
 17744 | Lair:3   | HP: 5/51 [something/ball of steam (14)]
 17745 | Lair:3   | Engulfed by a steam dragon's steam
 17746 | Lair:3   | Reached XP level 9. HP: -1/46 MP: 6/13
 17860 | Lair:3   | Reached skill level 10 in Fighting
 17917 | Lair:3   | Found a labyrinth entrance.
 17924 | Lair:3   | HP: 7/46 [porcupine's spines (10)]
 17926 | Lair:3   | Impaled on a porcupine's spines

Vault maps used:
D:1:      scummos_arrival_hexagon
D:2:      first_bread, kennysheep_another_room, uniq_crazy_yiuf_cottage
D:4:      kennysheep_spiral_hall, minmay_temple_entry_poolview, uniq_grinder
D:7:      fedhas_altar_3
D:8:      erik_lair_dragon, serial_undead, serial_undead_b, serial_undead_c,
          serial_undead_d, serial_undead_d, serial_shops,
          nicolae_shop_overgrown_old_shop, uniq_prince_ribbit1, uniq_psyche,
          uniq_maurice
D:9:      orc_0_dummy, uniq_pikel, uniq_erica
Temple:   kilobyte_greek_temple
Lair:1:   uniq_fannar
Lair:2:   beast_lair_carwin_2
Lair:3:   lab_entry_generic, bobbens_dragon_lair_wall

Skill      XL: |  1  2  3  4  5  6  7  8  9 10 11 |
---------------+----------------------------------+-----
Charms         | 4 5 6 |  6.0
Unarmed Combat | 3 5 7 8 10 11 | 11.3
Fighting       | 3 4 5 6 10 9 | 10.1
Dodging        | 4 5 7 8 10 | 10.0
Invocations    | 2 4 |  4.0
Necromancy     | 3 |  3.2
Hexes          | 2 3 |  3.1
Translocations | 2 3 |  3.2
Spellcasting   | |  2.0

Action                   |  1- 3 |  4- 6 |  7- 9 | 10-12 || total
-------------------------+-------+-------+-------+-------++-------
Melee: Unarmed           |   112 |   150 |   373 |   381 ||  1016
       Bite              |     6 |    16 |    24 |    33 ||    79
       Punch             |       |     2 |    15 |    21 ||    38
 Cast: Infusion          |    10 |    22 |    33 |    36 ||   101
       Shroud of Golubri |     1 |     9 |    27 |    28 ||    65
       Regeneration      |       |       |    10 |    12 ||    22
       Ensorcelled Hiber |       |       |       |     3 ||     3
       Song of Slaying   |       |       |       |     1 ||     1
Invok: Minor Destruction |       |       |     1 |     4 ||     5
Evoke: Wand              |       |     3 |     4 |     4 ||    11
  Use: Scroll            |       |    10 |     6 |    15 ||    31
       Potion            |       |     2 |       |     2 ||     4
 Stab: Sleeping          |     6 |     2 |     5 |     2 ||    15
       Distracted        |       |       |     1 |       ||     1
       Paralysed         |       |       |     2 |       ||     2
  Eat: Chunk             |    10 |    14 |    20 |    21 ||    65
Armor: Skin              |     2 |     3 |    12 |     9 ||    26
Dodge: Dodged            |    79 |   142 |   303 |   382 ||   906

Table legend:
 A = Spawn XP
 B = Non-spawn XP
 C = Spawn XP percentage of total XP
 D = Spawn monster count
 E = Non-spawn monster count
 F = Spawn count percentage of total count
 G = Total turns spent on level
                    A         B        C        D         E        F      G
               +---------+---------+-------+---------+---------+-------+---------
         Total |       0 |   16111 |   0.0 |       0 |     220 |   0.0 | 17926
               +---------+---------+-------+---------+---------+-------+---------
           D:1 |       0 |      37 |   0.0 |       0 |      22 |   0.0 |  1099
           D:2 |       0 |      93 |   0.0 |       0 |      18 |   0.0 |  1362
           D:3 |       0 |      76 |   0.0 |       0 |      16 |   0.0 |  1514
           D:4 |       0 |     359 |   0.0 |       0 |      12 |   0.0 |  1487
           D:5 |       0 |     961 |   0.0 |       0 |      18 |   0.0 |  2025
           D:6 |       0 |    1045 |   0.0 |       0 |      33 |   0.0 |  1420
           D:7 |       0 |    1396 |   0.0 |       0 |      23 |   0.0 |  1911
           D:8 |       0 |    2765 |   0.0 |       0 |      24 |   0.0 |  2711
           D:9 |       0 |     589 |   0.0 |       0 |      17 |   0.0 |   676
        Lair:1 |       0 |    4310 |   0.0 |       0 |      20 |   0.0 |  1424
        Lair:2 |       0 |    3182 |   0.0 |       0 |      11 |   0.0 |  1966
        Lair:3 |       0 |    1298 |   0.0 |       0 |       6 |   0.0 |   230
               +---------+---------+-------+---------+---------+-------+---------

Table legend:
 A = Turns spent in this place as a percentage of turns spent in the entire game.
 B = Non-inter-level travel turns spent in this place as a percentage of non-inter-level travel turns spent in the entire game.
 C = Inter-level travel turns spent in this place as a percentage of turns spent in this place.
 D = Turns resting spent in this place as a percentage of non-inter-level travel turns spent in this place.
 E = Turns spent auto-exploring this place as a percentage of non-inter-level travel turns spent in this place.
 F = Non-inter-level travel turns spent in this place divided by the number of levels of this place that you've seen.
                   A       B       C       D       E      F
               +-------+-------+-------+-------+-------+----------------------
         Total | 100.0 | 100.0 |   4.0 |  39.7 |  31.4 | 1324.2
       Dungeon |  79.2 |  78.7 |   4.6 |  40.9 |  32.5 | 1505.4
        Temple |   0.6 |   0.4 |  38.6 |   0.0 |  43.5 |  62.0
          Lair |  20.2 |  20.9 |   0.5 |  35.8 |  27.2 | 1201.0
               +-------+-------+-------+-------+-------+----------------------

Table legend:
 A = Kills in this place as a percentage of kills in entire the game.
 B = Kills by you in this place as a percentage of kills by you in the entire game.
 C = Kills by friends in this place as a percentage of kills by friends in the entire game.
 D = Other kills in this place as a percentage of other kills in the entire game.
 E = Experience gained in this place as a percentage of experience gained in the entire game.
 F = Experience gained in this place divided by the number of levels of this place that you have seen.
                   A       B       C       D       E      F
               +-------+-------+-------+-------+-------+----------------------
         Total | 100.0 | 100.0 |   N/A |   N/A | 100.0 | 1239.3
       Dungeon |  83.2 |  83.2 |   N/A |   N/A |  45.4 | 813.4
          Lair |  16.8 |  16.8 |   N/A |   N/A |  54.6 | 2930.0
               +-------+-------+-------+-------+-------+----------------------
